AoeStats
← Kiritastrich

Hideout

508676344Analyzed
1v1 RM · 8d ago on Sep 23, 2026· 40m 6s· 2 players
Game mode
Random Map
Map size
Tiny (2 player)
Population
200
Speed
Normal
Resources
Standard
Victory
Conquest
Starting age
Dark Age
Ending age
Imperial Age
RankedLock teamsTeams togetherTeam positionsShared explorationLock speedFull tech treeHidden civsTurbo modeCheats
Victory
Defeat
🇷🇺 Saxons · Russia
1841
+15
1824
-15
No soy 2k porque no quiero
6:16 Loom
8:26 Feudal Age
9:05 Double-Bit Axe
10:08 Town Watch
22:30 Castle Age
21:49 Fletching
22:34 Padded Archer Armor
23:53 Scale Barding Armor
25:23 Bow Saw
32:33 Imperial Age
31:00 Bloodlines
31:43 Chain Barding Armor
32:04 Gold Mining
35:02 Forging
36:25 Plate Barding Armor
38:14 Cavalier
Kiritastrich
9:22 Feudal Age
9:35 Loom
11:21 Fletching
11:43 Double-Bit Axe
19:40 Town Watch
20:34 Wheelbarrow
23:39 Castle Age
23:01 Horse Collar
24:38 Bodkin Arrow
24:04 Crossbowman
30:14 Imperial Age
28:32 Bow Saw
31:01 Gold Mining
32:28 Scale Mail Armor
32:30 Bracer
32:40 Squires
33:25 Chain Mail Armor
33:48 Pikeman
34:55 Arson
35:36 Forging
36:01 Plate Mail Armor
39:36 Shield Wall
Connection lost

Rejoining the realm…

Still unreachable

The connection could not be restored.

Session expired

The server has moved on; the page needs a fresh start.